 Dungeon Crawl Stone Soup version 0.29.1-13-g9f3cf754e1 (webtiles) character file.

Game seed: 3053036374249581952

71 Priul the Conjurer (level 4, -4/24 HPs)
             Began as a Deep Elf Conjurer on Feb 2, 2023.
             Slain by Crazy Yiuf
             ... wielding a +4 quarterstaff of chaos
              (17 damage)
             ... on level 2 of the Dungeon.
             The game lasted 00:06:35 (1630 turns).

Priul the Conjurer (Deep Elf Conjurer)              Turns: 1630, Time: 00:06:35

Health: -4/24      AC:  3    Str:  4    XL:     4   Next: 5%
Magic:  8/11       EV: 12    Int: 25    God:
Gold:   123        SH:  5    Dex: 13    Spells: 7/10 levels left

rFire   . . .      SeeInvis .   n - +0 dagger
rCold   . . .      Faith    .   (no shield)
rNeg    . . .      Spirit   .   a - +0 robe
rPois   .          Reflect  +   f - +0 helmet
rElec   .          Harm     .   (no cloak)
rCorr   .          Rampage  .   (no gloves)
Will    +....                   (no boots)
Stlth   ++........              m - amulet of reflection
HPRegen 0.08/turn               i - ring of willpower
MPRegen 0.12/turn               (no ring)

@: no status effects
A: no striking features
a: no special abilities


You were on level 2 of the Dungeon.
You visited 1 branch of the dungeon, and saw 2 of its levels.

You collected 123 gold pieces.

Inventory:

Hand Weapons
 n - a +0 dagger (weapon)
Missiles
 e - 9 stones
 h - 9 boomerangs (quivered)
Armour
 a - a +0 robe (worn)
 f - a +0 helmet (worn)
Jewellery
 i - a ring of willpower (left hand)
 m - an amulet of reflection (around neck)
Scrolls
 c - a scroll of torment
 j - a scroll of enchant weapon {unknown}
 k - a scroll of amnesia {unknown}
 l - 4 scrolls of teleportation
Potions
 b - a potion of magic
 g - a potion of mutation


   Skills:
 + Level 2.6 Dodging
 + Level 2.6 Stealth
 + Level 3.8 Spellcasting
 + Level 5.7 Conjurations


You had 7 spell levels left.
You knew the following spells:

 Your Spells              Type           Power      Damage    Failure   Level
a - Magic Dart            Conj           100%       1d8       1%          1
b - Searing Ray           Conj           66%        2d6       1%          2

Your spell library contained the following spells:

 Spells                   Type           Power      Damage    Failure   Level
 Dazzling Flash           Conj/Hex       38%        N/A       9%          3
 Fulminant Prism          Conj/Hex       9%         3d7       28%         4
 Iskenderun's Mystic Bla  Conj/Tloc      19%        2d6       28%         4


Dungeon Overview and Level Annotations

Branches:
Dungeon (2/15)

Altars:

Annotations:
D:2 Crazy Yiuf


Message History

Crazy Yiuf says, "Crazy?
Crazy!?
PORCUPINE!"
There is an escape hatch in the floor here.
A bat comes into view.
The bat hits you.
Casting: Magic Dart (safe; 1% risk of failure)
Confirm with . or Enter, or press ? or * to list all spells.
Aiming: Magic Dart (safe; 1% risk of failure)
Press: ? - help, Shift-Dir - straight line, f - bat
Aim: a bat (100% to hit)
The magic dart hits the bat.
You kill the bat!
There is an escape hatch in the floor here.
You see here a +0 kite shield.
Number of times to repeat, then command key: You must enter the number of times for the command to repeat.
As you read the scroll labelled YSUL RERPHON, it crumbles to dust.
It is a scroll of identify.
g - a potion of mutation
As you read the scroll of identify, it crumbles to dust.
l - 4 scrolls of teleportation
As you read the scroll of identify, it crumbles to dust.
c - a scroll of torment Crazy Yiuf says, "Rot foot childish!"
You open the door.
Casting: Magic Dart (safe; 1% risk of failure)
Confirm with . or Enter, or press ? or * to list all spells.
Aiming: Searing Ray (safe; 1% risk of failure)
Press: ? - help, Shift-Dir - straight line, f - Crazy Yiuf
Aim: Crazy Yiuf, wielding a +4 quarterstaff of chaos and wearing a +0 cloak (83% to hit)
The searing ray hits Crazy Yiuf!
Crazy Yiuf is moderately wounded. (Press . to maintain the ray.) Crazy Yiuf cries, "Ten chair chair!"
Crazy Yiuf hits you with a +4 quarterstaff of chaos!
Crazy Yiuf freezes you.
The searing ray hits Crazy Yiuf but does no damage.
Crazy Yiuf is moderately wounded.
Crazy Yiuf hits you with a +4 quarterstaff of chaos!
Ouch! That really hurt!
You die...

.##
##.#########
#.#.##..##
#.## #.#
#.#.##..##
##.####.#
#.#.......
#.......#
#####
........##
..#######
#)..#
#.#######
..# #...#
..# ...
..########
#g#
.........#
♣@♣♣
..######.#
♣♣.♣ ..# #.#
♣.♣♣ .## #.#
♣♣.♣ .# #.#
♣♣.♣♣ .# #.#
♣♣...♣ .#
#.# ♣....♣
.# #.#
#....# .#
##># ##..##


You could see Crazy Yiuf.

Vanquished Creatures
  4 adders (D:2)
  A worm (D:2)
  2 dart slugs (D:1)
  3 bats (D:2)
  An endoplasm (D:2)
  3 giant cockroaches
  A goblin (D:1)
  2 hobgoblins
  2 kobolds
  4 ball pythons
  4 frilled lizards
  4 rats (D:1)
31 creatures vanquished.

Notes
Turn   | Place    | Note
-------+----------+-------------------------------------------
     0 | D:1      | Priul the Deep Elf Conjurer began the quest for the Orb.
     0 | D:1      | Reached XP level 1. HP: 10/10 MP: 6/6
   186 | D:1      | Found a faded altar of an unknown god.
   383 | D:1      | Reached XP level 2. HP: 12/15 MP: 4/8
   750 | D:1      | Reached skill level 5 in Conjurations
   908 | D:2      | Learned a level 2 spell: Searing Ray
  1006 | D:2      | Reached XP level 3. HP: 19/19 MP: 0/10
  1413 | D:2      | Reached XP level 4. HP: 24/24 MP: 9/11
  1580 | D:2      | Found a runed translucent door.
  1581 | D:2      | Noticed Crazy Yiuf
  1630 | D:2      | Slain by Crazy Yiuf

Illustrated notes

Levels and vault maps discovered:
D:1:      erik_arrival_orb_chamber, layout_basic,
          hellmonk_ecumenical_altar_run_dry
D:2:      layout_loops_ring, uniq_crazy_yiuf_cottage

Skill      XL: |  1  2 |
---------------+-------+-----
Conjurations   | 5 |  5.7
Dodging        | |  2.6
Stealth        | |  2.6
Spellcasting   | |  3.8

Action                   |  1- 3 |  4- 6 || total
-------------------------+-------+-------++-------
 Cast: Magic Dart        |    62 |     7 ||    69
       Searing Ray       |       |     1 ||     1
  Use: Scroll            |       |     3 ||     3
Armor: Robe              |     5 |     1 ||     6
Dodge: Dodged            |     6 |     1 ||     7
Block: Other             |     1 |     1 ||     2
